Saguenéens vs Knights
Created - 17 janvier 2016 at 19:54
Goals
|
| Saguenéens |
0 |
3 |
1 |
0 |
0 |
4 |
| Knights |
1 |
1 |
2 |
0 |
1 |
5 |
|
Shots
|
| Saguenéens |
6 |
14 |
10 |
2 |
4 |
32 |
| Knights |
6 |
7 |
15 |
3 |
4 |
31 |
|
1st period
1. Knights , Zack Hamill 30 (Jason Zucker, Garnet Exelby) at 14:40 (PP)
Penalties :
Dalton Prout (Chi) for Hooking (Minor) at 5:49, Brandon Burlon (Chi) for Holding (Minor) at 9:14, Tyler Pitlick (Chi) for Holding (Minor) at 14:26, Eric Tangradi (Chi) for Hooking (Minor) at 16:06
2nd period
2. Saguenéens , Kyle Brodziak 28 (Tyler Pitlick) at 1:54
3. Saguenéens , Kyle Brodziak 29 (Brett Lebda) at 3:25 (SH)
4. Knights , Alex Chiasson 13 (Zack Hamill, Garnet Exelby) at 4:55 (PP)
5. Saguenéens , Kris Russell 2 (David Laliberté) at 8:02 (PP)
Penalties :
Mathieu Perreault (Chi) for Interference (Minor) at 3:17, David Laliberté (Chi) for Holding (Minor) at 4:08, Carter Ashton (Lon) for Delaying the game (Minor) at 7:25, Tomas Kundratek (Lon) for Hooking (Minor) at 9:06, Chris Thorburn (Lon) for Roughing (Minor) at 18:14
3rd period
6. Knights , Zack Hamill 31 (Eric Gelinas) at 2:30
7. Saguenéens , David Laliberté 17 (Mathieu Perreault, Brandon Burlon) at 6:02
8. Knights , Jason Chimera 9 (Kevin Hayes, Garnet Exelby) at 7:52
Penalties :
Zack Hamill (Lon) for Roughing (Minor) at 12:56
Overtime #1
No Goal
Penalties :
Kyle Brodziak (Chi) for Roughing (Minor) at 0:07
Shootout
Penalty Shot by Kyle Brodziak for Saguenéens - Stopped by Jacob Markstrom
Penalty Shot by Joe Colborne for Knights - Shot Misses the Net
Penalty Shot by Karel Pilar for Saguenéens - Stopped by Jacob Markstrom
Penalty Shot by Tyler Seguin for Knights - Stopped by Harru Sateri
Penalty Shot by David Laliberté for Saguenéens - Stopped by Jacob Markstrom
Penalty Shot by Jason Chimera for Knights - Stopped by Harru Sateri
Penalty Shot by Brian Flynn for Saguenéens - Shot Misses the Net
Penalty Shot by James Wright for Knights - Goal!
Penalties :
No Penalty
Goalie Stats
Harru Sateri (Chi), 27 saves from 31 shots - (0,871), OTL, 10-7-2, 65:00 minutes
Jacob Markstrom (Lon), 28 saves from 32 shots - (0,875), W, 21-13-0, 65:00 minutes
Players Stats for Saguenéens
Player Name G A P +/- PIM S H SB GA TA FO MP PP MP PK MP
------------------------------------------------------------------------------------
Brandon Burlon 0 1 1 1 2 0 1 0 0 0 0/0 20:09 0:00 3:47
Brendan Ranford 0 0 0 0 0 0 0 0 0 0 0/0 7:25 0:02 0:44
Brett Lebda 0 1 1 0 0 2 5 2 0 0 0/0 30:57 4:43 6:04
Brian Flynn 0 0 0 0 0 2 1 0 1 0 6/7 16:25 3:52 0:00
Cody Goloubef 0 0 0 0 0 1 0 0 0 0 0/0 13:21 1:51 1:09
Dalton Prout 0 0 0 0 2 1 1 0 0 0 0/0 11:00 0:00 0:00
David Laliberté 1 1 2 -1 2 5 2 1 0 0 0/0 16:42 3:52 2:15
Eric Tangradi 0 0 0 -1 2 0 1 1 2 0 0/2 17:11 2:40 2:11
J.T. Wyman 0 0 0 1 0 3 1 2 2 0 1/1 15:53 0:00 4:37
Jerry D'Amigo 0 0 0 0 0 0 1 0 0 0 0/0 6:44 0:16 0:00
Jim O'Brien 0 0 0 0 0 3 0 2 1 0 1/2 9:26 0:00 2:40
Juraj Mikus 0 0 0 0 0 1 1 0 0 1 0/1 14:10 0:16 1:19
Karel Pilar 0 0 0 1 0 1 3 3 2 0 0/0 23:48 1:51 4:56
Kris Russell 1 0 1 0 0 3 2 2 0 1 0/0 30:57 4:43 6:04
Kyle Brodziak 2 0 2 2 2 4 1 1 0 3 18/36 24:42 2:26 5:27
Mathieu Perreault 0 1 1 -1 2 2 2 0 0 0 8/15 13:45 3:52 0:00
Tim Kennedy 0 0 0 1 0 1 0 2 0 0 1/2 17:07 0:00 0:00
Tyler Pitlick 0 1 1 1 2 3 4 0 0 0 0/0 18:24 2:26 0:00
Players Stats for Knights
Player Name G A P +/- PIM S H SB GA TA FO MP PP MP PK MP
------------------------------------------------------------------------------------
Alex Chiasson 1 0 1 -2 0 5 1 0 0 0 3/3 21:26 5:07 0:00
Carter Ashton 0 0 0 0 2 0 2 0 0 0 0/0 7:10 0:00 0:00
Chris Thorburn 0 0 0 0 2 1 2 1 2 0 0/1 21:22 3:50 2:31
Eric Gelinas 0 1 1 1 0 0 1 5 0 1 0/0 25:41 0:23 4:24
Garnet Exelby 0 3 3 -1 0 1 0 3 1 2 0/0 22:22 5:25 2:30
James Wright 0 0 0 1 0 0 1 0 0 1 4/8 14:13 0:04 3:37
Jason Chimera 1 0 1 1 0 3 2 0 0 0 0/0 15:10 3:50 1:51
Jason Zucker 0 1 1 -2 0 2 1 0 0 0 0/1 19:18 5:11 0:00
Joe Colborne 0 0 0 0 0 1 0 0 0 0 0/2 8:52 0:00 1:16
Kevin Hayes 0 1 1 1 0 0 0 0 0 0 1/1 8:57 0:00 0:00
Magnus Paajarvi-Svensson 0 0 0 0 0 1 1 1 0 0 0/0 16:27 0:00 1:35
Nikita Nikitin 0 0 0 -1 0 1 1 0 0 1 0/0 17:22 3:36 0:11
Niklas Hjalmarsson 0 0 0 0 0 1 1 1 1 2 0/0 22:31 5:25 3:28
Ronalds Kenins 0 0 0 0 0 2 1 0 0 0 0/1 7:11 0:00 0:00
Tomas Kundratek 0 0 0 -1 2 0 2 4 0 1 0/0 26:40 3:13 1:47
Tyler Seguin 0 0 0 0 0 1 2 0 0 0 8/18 20:10 3:50 1:07
Zack Hamill 2 1 3 -2 2 9 3 0 1 0 15/31 23:18 5:11 1:11
Zbynek Michalek 0 0 0 0 0 3 0 3 0 0 0/0 15:12 0:00 0:48
3 Stars
1 - Kyle Brodziak (Chi)
2 - Zack Hamill (Lon)
3 - Jason Chimera (Lon)
Power Play
Saguenéens - 1 on 4 Attempt(s) - 25,00%
Knights - 2 on 7 Attempt(s) - 28,57%
Penalty Kill
Saguenéens - 5 on 7 Attempt(s) - 71,43%
- Score 1 goal in Penalty Kill
Knights - 3 on 4 Attempt(s) - 75,00%
- Score 0 goal in Penalty Kill
Team Stat
Saguenéens - Hits : 26 - Faceoff Wins : 35 - Blocked Shots : 16 - Penalty Minutes : 14
Knights - Hits : 21 - Faceoff Wins : 31 - Blocked Shots : 18 - Penalty Minutes : 8
Official
Referees : McCauley Wes and Devorski Paul
Linesman : Ryan Galloway and Derek Amell
Game Notes
Niklas Hjalmarsson is injured at 5:28 of 3rd period (Bruised Left Arm)
Finance
Level 1 -- Attendance: 1538 (76,90%) -- Ticket Income 53 830 $
Level 2 -- Attendance: 693 (69,30%) -- Ticket Income 13 860 $
Total Attendance: 2231 (74,37%)
Total Ticket Income: 67 690 $
Other Income: 3 384 $
Total Income: 71 074 $
Saguenéens
5 vs 5 Forward
Center Left Wing Right Wing Time % Phy DF OF
1 Kyle Brodziak Tim Kennedy Tyler Pitlick 40 1 2 2
2 Mathieu Perreault Eric Tangradi David Laliberté 30 1 2 2
3 Brian Flynn Juraj Mikus J.T. Wyman 20 1 2 2
4 Jim O'Brien Brendan Ranford Jerry D'Amigo 10 1 2 2
5 vs 5 Defense
Defense Defense Time % Phy DF OF
1 Brett Lebda Kris Russell 40 1 2 2
2 Karel Pilar Brandon Burlon 31 1 2 2
3 Cody Goloubef Dalton Prout 23 1 2 2
4 Karel Pilar Dalton Prout 6 1 2 2
PowerPlay Forward
Center Left Wing Right Wing Time % Phy DF OF
1 Kyle Brodziak Eric Tangradi Tyler Pitlick 60 1 2 2
2 Mathieu Perreault Brian Flynn David Laliberté 40 1 2 2
PowerPlay Defense
Defense Defense Time % Phy DF OF
1 Brett Lebda Kris Russell 60 1 2 2
2 Karel Pilar Cody Goloubef 40 1 2 2
Penalty Kill 4 Players Forward
Center Wing Time % Phy DF OF
1 Kyle Brodziak J.T. Wyman 60 1 2 2
2 Jim O'Brien David Laliberté 40 1 2 2
Penalty Kill 4 Players Defense
Defense Defense Time % Phy DF OF
1 Brett Lebda Kris Russell 60 1 2 2
2 Karel Pilar Brandon Burlon 40 1 2 2
Penalty Kill - 3 Players Forward
Forward Time % Phy DF OF
1 Kyle Brodziak 60 1 2 2
2 David Laliberté 40 1 2 2
Penalty Kill - 3 Players Defense
Defense Defense Time % Phy DF OF
1 Brett Lebda Kris Russell 60 1 2 2
2 Karel Pilar Brandon Burlon 40 1 2 2
4 vs 4 Forward
Center Wing Time % Phy DF OF
1 Kyle Brodziak Eric Tangradi 60 1 2 2
2 Brian Flynn Tim Kennedy 40 1 2 2
4 vs 4 Defense
Defense Defense Time % Phy DF OF
1 Brett Lebda Kris Russell 60 1 2 2
2 Karel Pilar Brandon Burlon 40 1 2 2
Last Minutes Offensive
Center Left Wing Right Wing Defense Defense
Kyle Brodziak Brian Flynn David Laliberté Brett Lebda Karel Pilar
Last Minutes Defensive
Center Left Wing Right Wing Defense Defense
Kyle Brodziak Eric Tangradi David Laliberté Brett Lebda Karel Pilar
Goaltenders
Starting : Harru Sateri
Backup : Mike Murphy
Extra Forwards
Normal : Tim Kennedy, Brian Flynn, Kyle Brodziak - PP : Eric Tangradi, David Laliberté - PK : Eric Tangradi
Extra Defensemen
Normal : Karel Pilar, Dalton Prout, Brett Lebda - PP : Brandon Burlon - PK : Cody Goloubef, Dalton Prout
Penalty Shots
Kyle Brodziak, Karel Pilar, David Laliberté, Brian Flynn, Mathieu Perreault
Knights
5 vs 5 Forward
Center Left Wing Right Wing Time % Phy DF OF
1 Zack Hamill Jason Zucker Alex Chiasson 36 1 2 2
2 Tyler Seguin Magnus Paajarvi-Svensson Chris Thorburn 34 1 1 3
3 James Wright Jason Chimera Kevin Hayes 20 1 2 2
4 Joe Colborne Ronalds Kenins Carter Ashton 10 1 2 2
5 vs 5 Defense
Defense Defense Time % Phy DF OF
1 Niklas Hjalmarsson Eric Gelinas 40 1 2 2
2 Tomas Kundratek Nikita Nikitin 30 1 2 2
3 Zbynek Michalek Garnet Exelby 20 1 2 2
4 Niklas Hjalmarsson Tomas Kundratek 10 1 2 2
PowerPlay Forward
Center Left Wing Right Wing Time % Phy DF OF
1 Zack Hamill Jason Zucker Alex Chiasson 60 0 0 5
2 Tyler Seguin Jason Chimera Chris Thorburn 40 0 0 5
PowerPlay Defense
Defense Defense Time % Phy DF OF
1 Garnet Exelby Niklas Hjalmarsson 60 1 1 3
2 Nikita Nikitin Tomas Kundratek 40 1 1 3
Penalty Kill 4 Players Forward
Center Wing Time % Phy DF OF
1 James Wright Chris Thorburn 60 0 4 1
2 Joe Colborne Jason Chimera 40 0 4 1
Penalty Kill 4 Players Defense
Defense Defense Time % Phy DF OF
1 Niklas Hjalmarsson Eric Gelinas 60 1 4 0
2 Tomas Kundratek Garnet Exelby 40 1 4 0
Penalty Kill - 3 Players Forward
Forward Time % Phy DF OF
1 James Wright 60 0 4 1
2 Joe Colborne 40 0 4 1
Penalty Kill - 3 Players Defense
Defense Defense Time % Phy DF OF
1 Niklas Hjalmarsson Eric Gelinas 60 1 4 0
2 Garnet Exelby Tomas Kundratek 40 1 4 0
4 vs 4 Forward
Center Wing Time % Phy DF OF
1 Zack Hamill Alex Chiasson 60 0 1 4
2 Tyler Seguin Chris Thorburn 40 0 1 4
4 vs 4 Defense
Defense Defense Time % Phy DF OF
1 Zbynek Michalek Niklas Hjalmarsson 60 1 2 2
2 Tomas Kundratek Garnet Exelby 40 1 2 2
Last Minutes Offensive
Center Left Wing Right Wing Defense Defense
Zack Hamill Tyler Seguin Chris Thorburn Niklas Hjalmarsson Eric Gelinas
Last Minutes Defensive
Center Left Wing Right Wing Defense Defense
James Wright Ronalds Kenins Chris Thorburn Niklas Hjalmarsson Tomas Kundratek
Goaltenders
Starting : Jacob Markstrom
Backup : Mark Dekanich
Extra Forwards
Normal : Tyler Seguin, Zack Hamill, James Wright - PP : James Wright, Zack Hamill - PK : Zack Hamill
Extra Defensemen
Normal : Niklas Hjalmarsson, Tomas Kundratek, Zbynek Michalek - PP : Tomas Kundratek - PK : Tomas Kundratek, Niklas Hjalmarsson
Penalty Shots
Joe Colborne, Tyler Seguin, Jason Chimera, James Wright, Zack Hamill
% Time on Ice - Saguenéens
Lines # - Real PCT - Wanted PCT - Time Play
Normal Forward
1 - 37% - 40% - 16:19
2 - 25% - 30% - 11:01
3 - 25% - 20% - 11:16
4 - 13% - 10% - 5:49
Normal Defense
1 - 42% - 40% - 18:48
2 - 34% - 31% - 15:03
3 - 22% - 23% - 9:58
4 - 1% - 6% - 0:36
PP Forward
1 - 41% - 60% - 2:42
2 - 59% - 40% - 3:52
PP Defense
1 - 72% - 60% - 4:43
2 - 28% - 40% - 1:51
PK Forward
1 - 68% - 60% - 5:36
2 - 32% - 40% - 2:38
PK Defense
1 - 53% - 60% - 4:20
2 - 47% - 40% - 3:54
PK3 Forward
1 - 100% - 60% - 2:46
2 - 0% - 40% - 0:00
PK3 Defense
1 - 63% - 60% - 1:44
2 - 37% - 40% - 1:02
44 Forward
1 - 89% - 60% - 2:41
2 - 11% - 40% - 0:20
44 Defense
1 - 55% - 60% - 1:39
2 - 45% - 40% - 1:22
Last Minute Offensive - 0:00
Last Minute Defensive - 0:00
Total
Forward - 65:00
Defense - 65:00
|
% Time on Ice - Knights
Lines # - Real PCT - Wanted PCT - Time Play
Normal Forward
1 - 32% - 36% - 14:15
2 - 32% - 34% - 14:02
3 - 20% - 20% - 8:57
4 - 16% - 10% - 7:11
Normal Defense
1 - 42% - 40% - 18:39
2 - 30% - 30% - 13:12
3 - 22% - 20% - 9:37
4 - 7% - 10% - 2:57
PP Forward
1 - 57% - 60% - 5:11
2 - 43% - 40% - 3:50
PP Defense
1 - 60% - 60% - 5:25
2 - 40% - 40% - 3:36
PK Forward
1 - 81% - 60% - 5:18
2 - 19% - 40% - 1:16
PK Defense
1 - 62% - 60% - 4:04
2 - 38% - 40% - 2:30
PK3 Forward
1 - 0% - 60%
2 - 0% - 40%
PK3 Defense
1 - 0% - 60%
2 - 0% - 40%
44 Forward
1 - 78% - 60% - 3:54
2 - 22% - 40% - 1:06
44 Defense
1 - 100% - 60% - 5:00
2 - 0% - 40% - 0:00
Last Minute Offensive - 0:00
Last Minute Defensive - 0:00
Total
Forward - 65:00
Defense - 65:00
|
Play by Play
1st period
0:01 of 1st period - Zack Hamill wins face-off versus Kyle Brodziak in neutral zone.
0:26 of 1st period - Niklas Hjalmarsson is hit by Kris Russell and loses puck.
0:51 of 1st period - Wrist shot by Karel Pilar.
0:51 of 1st period - Shot Misses the Net.
0:55 of 1st period - Snap shot by J.T. Wyman.
0:55 of 1st period - Stopped by Jacob Markstrom without a rebound.
0:56 of 1st period - Kevin Hayes wins face-off versus Jim O'Brien in Knights zone.
1:03 of 1st period - Slapshot by Jim O'Brien.
1:03 of 1st period - Shot Misses the Net.
1:05 of 1st period - Snap shot by Cody Goloubef.
1:05 of 1st period - Deflect By Jim O'Brien.
1:05 of 1st period - Stopped by Jacob Markstrom with a rebound.
1:07 of 1st period - Wrist shot by Jerry D'Amigo.
1:07 of 1st period - Shot Blocked by Zbynek Michalek.
1:09 of 1st period - Wrist shot by Jim O'Brien.
1:09 of 1st period - Stopped by Jacob Markstrom without a rebound.
1:10 of 1st period - Tyler Seguin wins face-off versus Kyle Brodziak in Knights zone.
2:57 of 1st period - Off-side.
2:58 of 1st period - Zack Hamill wins face-off versus Mathieu Perreault in neutral zone.
3:09 of 1st period - Slapshot by Zack Hamill.
3:09 of 1st period - Stopped by Harru Sateri with a rebound.
3:50 of 1st period - Nikita Nikitin is hit by Karel Pilar and loses puck.
4:15 of 1st period - Nikita Nikitin is hit by J.T. Wyman and loses puck.
4:44 of 1st period - Wrist shot by Tyler Seguin.
4:44 of 1st period - Shot Blocked by Brett Lebda.
5:25 of 1st period - Slapshot by Jason Chimera.
5:25 of 1st period - Shot Blocked by Karel Pilar.
5:49 of 1st period - Minor Penalty to Dalton Prout for Hooking.
5:50 of 1st period - Kyle Brodziak wins face-off versus Zack Hamill in Saguenéens zone.
7:49 of 1st period - Penalty to Dalton Prout is over, Dalton Prout is back on ice.
8:35 of 1st period - Jim O'Brien is hit by Magnus Paajarvi-Svensson and loses puck.
8:52 of 1st period - Tomas Kundratek is hit by Dalton Prout and loses puck.
9:03 of 1st period - Snap shot by David Laliberté.
9:03 of 1st period - Stopped by Jacob Markstrom without a rebound.
9:04 of 1st period - Zack Hamill wins face-off versus Mathieu Perreault in Knights zone.
9:14 of 1st period - Minor Penalty to Brandon Burlon for Holding.
9:15 of 1st period - Kyle Brodziak wins face-off versus Zack Hamill in Saguenéens zone.
9:26 of 1st period - Snap shot by Alex Chiasson.
9:26 of 1st period - Stopped by Harru Sateri with a rebound.
10:04 of 1st period - Brett Lebda is hit by Zack Hamill and loses puck.
11:14 of 1st period - Penalty to Brandon Burlon is over, Brandon Burlon is back on ice.
11:23 of 1st period - Tomas Kundratek is hit by Brandon Burlon and loses puck.
11:34 of 1st period - Eric Gelinas is hit by Tyler Pitlick and loses puck.
11:38 of 1st period - Icing by Niklas Hjalmarsson.
11:39 of 1st period - Mathieu Perreault wins face-off versus Joe Colborne in Knights zone.
11:40 of 1st period - Snap shot by Eric Tangradi.
11:40 of 1st period - Deflect By Niklas Hjalmarsson.
11:40 of 1st period - Shot Misses the Net.
11:40 of 1st period - Puck is out of play.
11:41 of 1st period - Mathieu Perreault wins face-off versus Zack Hamill in Knights zone.
11:44 of 1st period - Wrist shot by Mathieu Perreault.
11:44 of 1st period - Stopped by Jacob Markstrom without a rebound.
11:45 of 1st period - Zack Hamill wins face-off versus Mathieu Perreault in Knights zone.
12:39 of 1st period - Icing by Karel Pilar.
12:40 of 1st period - Brian Flynn wins face-off versus Zack Hamill in Saguenéens zone.
13:03 of 1st period - Snap shot by Juraj Mikus.
13:03 of 1st period - Shot Blocked by Tomas Kundratek.
13:05 of 1st period - Wrist shot by J.T. Wyman.
13:05 of 1st period - Shot Misses the Net.
13:37 of 1st period - Snap shot by J.T. Wyman.
13:37 of 1st period - Stopped by Jacob Markstrom without a rebound.
13:38 of 1st period - Kyle Brodziak wins face-off versus Chris Thorburn in Knights zone.
13:42 of 1st period - Icing by Niklas Hjalmarsson.
13:43 of 1st period - Tyler Seguin wins face-off versus Kyle Brodziak in Knights zone.
13:54 of 1st period - Snap shot by Chris Thorburn.
13:54 of 1st period - Shot Misses the Net.
13:56 of 1st period - Snap shot by Tyler Seguin.
13:56 of 1st period - Shot Misses the Net.
13:58 of 1st period - Wrist shot by Chris Thorburn.
13:58 of 1st period - Stopped by Harru Sateri with a rebound.
14:16 of 1st period - Snap shot by Joe Colborne.
14:16 of 1st period - Stopped by Harru Sateri with a rebound.
14:18 of 1st period - Snap shot by Niklas Hjalmarsson.
14:18 of 1st period - Shot Blocked by Tim Kennedy.
14:20 of 1st period - Slapshot by Niklas Hjalmarsson.
14:20 of 1st period - Shot Misses the Net.
14:26 of 1st period - Minor Penalty to Tyler Pitlick for Holding.
14:27 of 1st period - J.T. Wyman wins face-off versus Zack Hamill in Saguenéens zone.
14:40 of 1st period - Wrist shot by Zack Hamill.
14:40 of 1st period - Goal by Zack Hamill - Saguenéens : 0 - Knights : 1.
14:41 of 1st period - Mathieu Perreault wins face-off versus Tyler Seguin in neutral zone.
15:06 of 1st period - Zack Hamill is hit by Kyle Brodziak and loses puck.
15:31 of 1st period - Wrist shot by Jason Chimera.
15:31 of 1st period - Shot Blocked by Jim O'Brien.
15:33 of 1st period - Wrist shot by James Wright.
15:33 of 1st period - Deflect By Jason Chimera.
15:33 of 1st period - Stopped by Harru Sateri without a rebound.
15:34 of 1st period - Tyler Seguin wins face-off versus Kyle Brodziak in Saguenéens zone.
16:06 of 1st period - Minor Penalty to Eric Tangradi for Hooking.
16:07 of 1st period - Zack Hamill wins face-off versus Kyle Brodziak in Saguenéens zone.
16:25 of 1st period - Jason Zucker is hit by Kris Russell and loses puck.
18:06 of 1st period - Penalty to Eric Tangradi is over, Eric Tangradi is back on ice.
18:28 of 1st period - Wrist shot by Kevin Hayes.
18:28 of 1st period - Shot Misses the Net.
Goals for this period are 0 for Saguenéens vs 1 for Knights.
Shots for this period are 6 for Saguenéens vs 6 for Knights.
2nd period
0:01 of 2nd period - Tyler Seguin wins face-off versus Kyle Brodziak in neutral zone.
0:06 of 2nd period - Snap shot by Magnus Paajarvi-Svensson.
0:06 of 2nd period - Shot Misses the Net.
0:14 of 2nd period - Slapshot by Magnus Paajarvi-Svensson.
0:14 of 2nd period - Stopped by Harru Sateri with a rebound.
0:16 of 2nd period - Slapshot by Chris Thorburn.
0:16 of 2nd period - Shot Misses the Net.
0:26 of 2nd period - Alex Chiasson is hit by Brett Lebda and loses puck.
0:49 of 2nd period - Brandon Burlon is hit by Jason Chimera and loses puck.
1:16 of 2nd period - Slapshot by Karel Pilar.
1:16 of 2nd period - Shot Blocked by Chris Thorburn.
1:36 of 2nd period - Snap shot by Karel Pilar.
1:36 of 2nd period - Shot Blocked by Garnet Exelby.
1:38 of 2nd period - Slapshot by Dalton Prout.
1:38 of 2nd period - Stopped by Jacob Markstrom with a rebound.
1:40 of 2nd period - Slapshot by Tyler Pitlick.
1:40 of 2nd period - Stopped by Jacob Markstrom with a rebound.
1:42 of 2nd period - Snap shot by Kyle Brodziak.
1:42 of 2nd period - Shot Blocked by Zbynek Michalek.
1:44 of 2nd period - Backhand shot by Tim Kennedy.
1:44 of 2nd period - Stopped by Jacob Markstrom without a rebound.
1:45 of 2nd period - Kyle Brodziak wins face-off versus Jason Zucker in Knights zone.
1:54 of 2nd period - Snap shot by Kyle Brodziak.
1:54 of 2nd period - Deflect By Tomas Kundratek.
1:54 of 2nd period - Goal by Kyle Brodziak - Saguenéens : 1 - Knights : 1.
1:55 of 2nd period - Kyle Brodziak wins face-off versus Tyler Seguin in neutral zone.
1:58 of 2nd period - Backhand shot by Brett Lebda.
1:58 of 2nd period - Stopped by Jacob Markstrom with a rebound.
2:00 of 2nd period - Snap shot by Kris Russell.
2:00 of 2nd period - Shot Misses the Net.
2:02 of 2nd period - Snap shot by Kris Russell.
2:02 of 2nd period - Stopped by Jacob Markstrom with a rebound.
2:04 of 2nd period - Slapshot by Kris Russell.
2:04 of 2nd period - Stopped by Jacob Markstrom without a rebound.
2:05 of 2nd period - Tyler Seguin wins face-off versus Kyle Brodziak in Knights zone.
2:16 of 2nd period - Slapshot by Tim Kennedy.
2:16 of 2nd period - Shot Blocked by Eric Gelinas.
2:24 of 2nd period - Brett Lebda is hit by Tyler Seguin and loses puck.
2:53 of 2nd period - Wrist shot by Kyle Brodziak.
2:53 of 2nd period - Stopped by Jacob Markstrom without a rebound.
2:54 of 2nd period - Mathieu Perreault wins face-off versus Zack Hamill in Knights zone.
3:17 of 2nd period - Minor Penalty to Mathieu Perreault for Interference.
3:18 of 2nd period - Kyle Brodziak wins face-off versus Zack Hamill in Saguenéens zone.
3:25 of 2nd period - Slapshot by Kyle Brodziak.
3:25 of 2nd period - Goal by Kyle Brodziak - Saguenéens : 2 - Knights : 1.
3:26 of 2nd period - Zack Hamill wins face-off versus Kyle Brodziak in neutral zone.
3:33 of 2nd period - Wrist shot by Alex Chiasson.
3:33 of 2nd period - Shot Misses the Net.
3:35 of 2nd period - Wrist shot by Alex Chiasson.
3:35 of 2nd period - Shot Blocked by Kyle Brodziak.
3:37 of 2nd period - Wrist shot by Zack Hamill.
3:37 of 2nd period - Deflect By Alex Chiasson.
3:37 of 2nd period - Stopped by Harru Sateri with a rebound.
4:08 of 2nd period - Minor Penalty to David Laliberté for Holding.
4:09 of 2nd period - Kyle Brodziak wins face-off versus Zack Hamill in Saguenéens zone.
4:09 of 2nd period - Kyle Brodziak is hit by Zack Hamill.
4:19 of 2nd period - Slapshot by Nikita Nikitin.
4:19 of 2nd period - Stopped by Harru Sateri with a rebound.
4:21 of 2nd period - Slapshot by Tomas Kundratek.
4:21 of 2nd period - Shot Misses the Net.
4:23 of 2nd period - Snap shot by Jason Zucker.
4:23 of 2nd period - Stopped by Harru Sateri with a rebound.
4:41 of 2nd period - Slapshot by Nikita Nikitin.
4:41 of 2nd period - Deflect By Jason Chimera.
4:41 of 2nd period - Shot Misses the Net.
4:41 of 2nd period - Puck is out of play.
4:42 of 2nd period - Zack Hamill wins face-off versus Kyle Brodziak in Saguenéens zone.
4:43 of 2nd period - Slapshot by Garnet Exelby.
4:43 of 2nd period - Shot Blocked by Karel Pilar.
4:55 of 2nd period - Wrist shot by Alex Chiasson.
4:55 of 2nd period - Goal by Alex Chiasson - Saguenéens : 2 - Knights : 2.
4:56 of 2nd period - Zack Hamill wins face-off versus Kyle Brodziak in neutral zone.
5:20 of 2nd period - Tyler Seguin is hit by Brett Lebda and loses puck.
5:38 of 2nd period - Off-side.
5:39 of 2nd period - Zack Hamill wins face-off versus Kyle Brodziak in neutral zone.
5:42 of 2nd period - Slapshot by Niklas Hjalmarsson.
5:42 of 2nd period - Stopped by Harru Sateri without a rebound.
5:43 of 2nd period - Kyle Brodziak wins face-off versus Zack Hamill in Saguenéens zone.
5:58 of 2nd period - Wrist shot by Alex Chiasson.
5:58 of 2nd period - Shot Blocked by J.T. Wyman.
6:08 of 2nd period - Penalty to David Laliberté is over, David Laliberté is back on ice.
6:51 of 2nd period - Tomas Kundratek is hit by Brett Lebda and loses puck.
7:12 of 2nd period - J.T. Wyman is hit by Tomas Kundratek and loses puck.
7:16 of 2nd period - Icing by J.T. Wyman.
7:17 of 2nd period - Brian Flynn wins face-off versus Ronalds Kenins in Saguenéens zone.
7:25 of 2nd period - Minor Penalty to Carter Ashton for Delaying the game.
7:26 of 2nd period - James Wright wins face-off versus Kyle Brodziak in Knights zone.
7:26 of 2nd period - James Wright is hit by Tyler Pitlick.
8:02 of 2nd period - Slapshot by Kris Russell.
8:02 of 2nd period - Deflect By Tomas Kundratek.
8:02 of 2nd period - Goal by Kris Russell - Saguenéens : 3 - Knights : 2.
8:03 of 2nd period - Zack Hamill wins face-off versus Kyle Brodziak in neutral zone.
8:28 of 2nd period - Kris Russell is hit by Eric Gelinas and loses puck.
9:06 of 2nd period - Minor Penalty to Tomas Kundratek for Hooking.
9:07 of 2nd period - Mathieu Perreault wins face-off versus James Wright in Knights zone.
9:07 of 2nd period - Snap shot by David Laliberté.
9:07 of 2nd period - Stopped by Jacob Markstrom with a rebound.
10:19 of 2nd period - Kris Russell is hit by James Wright and loses puck.
10:55 of 2nd period - Jason Chimera is hit by Brett Lebda.
11:06 of 2nd period - Penalty to Tomas Kundratek is over, Tomas Kundratek is back on ice.
11:27 of 2nd period - Wrist shot by Joe Colborne.
11:27 of 2nd period - Shot Blocked by Jim O'Brien.
12:19 of 2nd period - Snap shot by Jason Zucker.
12:19 of 2nd period - Stopped by Harru Sateri with a rebound.
12:53 of 2nd period - J.T. Wyman is hit by Carter Ashton and loses puck.
13:54 of 2nd period - Tomas Kundratek is hit by Mathieu Perreault and loses puck.
14:05 of 2nd period - Brett Lebda is hit by Nikita Nikitin and loses puck.
14:16 of 2nd period - Jason Chimera is hit by Jerry D'Amigo and loses puck.
14:27 of 2nd period - Jason Chimera is hit by Juraj Mikus and loses puck.
14:40 of 2nd period - Juraj Mikus is hit by Zack Hamill and loses puck.
14:56 of 2nd period - Snap shot by Brian Flynn.
14:56 of 2nd period - Stopped by Jacob Markstrom without a rebound.
14:57 of 2nd period - Mathieu Perreault wins face-off versus Tyler Seguin in Knights zone.
15:27 of 2nd period - Joe Colborne is hit by Tyler Pitlick and loses puck.
15:46 of 2nd period - Cody Goloubef is hit by Carter Ashton.
16:15 of 2nd period - Snap shot by Zack Hamill.
16:15 of 2nd period - Shot Blocked by David Laliberté.
16:21 of 2nd period - Zack Hamill is hit by Mathieu Perreault and loses puck.
17:57 of 2nd period - Juraj Mikus is hit by Alex Chiasson and loses puck.
18:14 of 2nd period - Minor Penalty to Chris Thorburn for Roughing.
18:15 of 2nd period - Kyle Brodziak wins face-off versus Zack Hamill in Knights zone.
18:47 of 2nd period - Backhand shot by Brett Lebda.
18:47 of 2nd period - Stopped by Jacob Markstrom with a rebound.
18:51 of 2nd period - Wrist shot by Brian Flynn.
18:51 of 2nd period - Stopped by Jacob Markstrom with a rebound.
18:53 of 2nd period - Snap shot by David Laliberté.
18:53 of 2nd period - Shot Blocked by Eric Gelinas.
Goals for this period are 3 for Saguenéens vs 1 for Knights.
Shots for this period are 14 for Saguenéens vs 7 for Knights.
3rd period
0:01 of 3rd period - Kyle Brodziak wins face-off versus James Wright in neutral zone.
0:14 of 3rd period - Penalty to Chris Thorburn is over, Chris Thorburn is back on ice.
0:27 of 3rd period - Icing by Brian Flynn.
0:28 of 3rd period - Brian Flynn wins face-off versus Tyler Seguin in Saguenéens zone.
1:15 of 3rd period - Wrist shot by Magnus Paajarvi-Svensson.
1:15 of 3rd period - Shot Misses the Net.
1:17 of 3rd period - Snap shot by Garnet Exelby.
1:17 of 3rd period - Deflect By Tyler Seguin.
1:17 of 3rd period - Stopped by Harru Sateri with a rebound.
1:19 of 3rd period - Slapshot by Garnet Exelby.
1:19 of 3rd period - Stopped by Harru Sateri without a rebound.
1:20 of 3rd period - Kyle Brodziak wins face-off versus Zack Hamill in Saguenéens zone.
1:20 of 3rd period - Kyle Brodziak is hit by Niklas Hjalmarsson.
1:25 of 3rd period - Off-side.
1:26 of 3rd period - Kyle Brodziak wins face-off versus Zack Hamill in neutral zone.
1:53 of 3rd period - Snap shot by Jason Chimera.
1:53 of 3rd period - Shot Misses the Net.
2:01 of 3rd period - Snap shot by Jason Chimera.
2:01 of 3rd period - Stopped by Harru Sateri without a rebound.
2:02 of 3rd period - Kyle Brodziak wins face-off versus Tyler Seguin in Saguenéens zone.
2:02 of 3rd period - Kyle Brodziak is hit by Chris Thorburn.
2:16 of 3rd period - Wrist shot by Tim Kennedy.
2:16 of 3rd period - Deflect By Tyler Pitlick.
2:16 of 3rd period - Shot Hit the Post.
2:16 of 3rd period - Puck is out of play.
2:17 of 3rd period - Alex Chiasson wins face-off versus Mathieu Perreault in Knights zone.
2:30 of 3rd period - Slapshot by Zack Hamill.
2:30 of 3rd period - Goal by Zack Hamill - Saguenéens : 3 - Knights : 3.
2:31 of 3rd period - Kyle Brodziak wins face-off versus Zack Hamill in neutral zone.
2:46 of 3rd period - Backhand shot by Tim Kennedy.
2:46 of 3rd period - Shot Misses the Net.
3:10 of 3rd period - Slapshot by Zack Hamill.
3:10 of 3rd period - Shot Blocked by Kris Russell.
3:12 of 3rd period - Snap shot by Zack Hamill.
3:12 of 3rd period - Stopped by Harru Sateri with a rebound.
4:05 of 3rd period - Wrist shot by Juraj Mikus.
4:05 of 3rd period - Shot Misses the Net.
4:39 of 3rd period - Snap shot by Zack Hamill.
4:39 of 3rd period - Stopped by Harru Sateri with a rebound.
4:51 of 3rd period - Slapshot by Alex Chiasson.
4:51 of 3rd period - Stopped by Harru Sateri without a rebound.
4:52 of 3rd period - Kyle Brodziak wins face-off versus Tyler Seguin in Saguenéens zone.
5:01 of 3rd period - Wrist shot by Magnus Paajarvi-Svensson.
5:01 of 3rd period - Shot Blocked by Tim Kennedy.
5:19 of 3rd period - Jason Chimera is hit by David Laliberté and loses puck.
5:24 of 3rd period - Slapshot by Mathieu Perreault.
5:24 of 3rd period - Shot Misses the Net.
5:26 of 3rd period - Slapshot by David Laliberté.
5:26 of 3rd period - Shot Misses the Net.
5:28 of 3rd period - Slapshot by Cody Goloubef.
5:28 of 3rd period - Shot Blocked by Niklas Hjalmarsson.
5:28 of 3rd period - Niklas Hjalmarsson from Knights is injured at 5:28 of 3rd period (Bruised Left Arm).
5:29 of 3rd period - Tyler Seguin wins face-off versus Tim Kennedy in Knights zone.
5:29 of 3rd period - Tyler Seguin is hit by Tyler Pitlick.
6:02 of 3rd period - Snap shot by Mathieu Perreault.
6:02 of 3rd period - Deflect By David Laliberté.
6:02 of 3rd period - Goal by David Laliberté - Saguenéens : 4 - Knights : 3.
6:03 of 3rd period - Kyle Brodziak wins face-off versus Tyler Seguin in neutral zone.
6:18 of 3rd period - Snap shot by Chris Thorburn.
6:18 of 3rd period - Shot Misses the Net.
6:53 of 3rd period - Icing by Jim O'Brien.
6:54 of 3rd period - Jim O'Brien wins face-off versus Tyler Seguin in Saguenéens zone.
7:48 of 3rd period - Slapshot by Garnet Exelby.
7:48 of 3rd period - Shot Blocked by Eric Tangradi.
7:50 of 3rd period - Slapshot by Kevin Hayes.
7:50 of 3rd period - Shot Misses the Net.
7:52 of 3rd period - Snap shot by Jason Chimera.
7:52 of 3rd period - Goal by Jason Chimera - Saguenéens : 4 - Knights : 4.
7:53 of 3rd period - Kyle Brodziak wins face-off versus Tyler Seguin in neutral zone.
7:58 of 3rd period - Slapshot by Kyle Brodziak.
7:58 of 3rd period - Shot Blocked by Eric Gelinas.
8:41 of 3rd period - Slapshot by Cody Goloubef.
8:41 of 3rd period - Shot Hit the Post.
8:43 of 3rd period - Slapshot by Dalton Prout.
8:43 of 3rd period - Shot Blocked by Garnet Exelby.
8:45 of 3rd period - Slapshot by Jim O'Brien.
8:45 of 3rd period - Stopped by Jacob Markstrom with a rebound.
8:47 of 3rd period - Snap shot by Jerry D'Amigo.
8:47 of 3rd period - Shot Blocked by Garnet Exelby.
8:49 of 3rd period - Slapshot by Cody Goloubef.
8:49 of 3rd period - Shot Misses the Net.
8:51 of 3rd period - Snap shot by Jerry D'Amigo.
8:51 of 3rd period - Shot Blocked by Zbynek Michalek.
9:05 of 3rd period - Slapshot by Garnet Exelby.
9:05 of 3rd period - Shot Blocked by J.T. Wyman.
9:11 of 3rd period - Snap shot by J.T. Wyman.
9:11 of 3rd period - Stopped by Jacob Markstrom without a rebound.
9:12 of 3rd period - Kyle Brodziak wins face-off versus Tyler Seguin in Knights zone.
9:23 of 3rd period - Chris Thorburn is hit by Karel Pilar and loses puck.
9:47 of 3rd period - Slapshot by Mathieu Perreault.
9:47 of 3rd period - Shot Misses the Net.
9:59 of 3rd period - Wrist shot by Ronalds Kenins.
9:59 of 3rd period - Stopped by Harru Sateri without a rebound.
10:00 of 3rd period - Brian Flynn wins face-off versus Joe Colborne in Saguenéens zone.
10:47 of 3rd period - Wrist shot by Juraj Mikus.
10:47 of 3rd period - Shot Blocked by Tomas Kundratek.
10:53 of 3rd period - J.T. Wyman is hit by Ronalds Kenins and loses puck.
11:00 of 3rd period - Slapshot by Joe Colborne.
11:00 of 3rd period - Shot Misses the Net.
11:02 of 3rd period - Slapshot by Zbynek Michalek.
11:02 of 3rd period - Deflect By J.T. Wyman.
11:02 of 3rd period - Stopped by Harru Sateri without a rebound.
11:03 of 3rd period - Tyler Seguin wins face-off versus Kyle Brodziak in Saguenéens zone.
11:17 of 3rd period - Off-side.
11:18 of 3rd period - Zack Hamill wins face-off versus Mathieu Perreault in neutral zone.
11:21 of 3rd period - Slapshot by Eric Gelinas.
11:21 of 3rd period - Deflect By Alex Chiasson.
11:21 of 3rd period - Stopped by Harru Sateri with a rebound.
11:23 of 3rd period - Backhand shot by Zack Hamill.
11:23 of 3rd period - Stopped by Harru Sateri without a rebound.
11:24 of 3rd period - Mathieu Perreault wins face-off versus Zack Hamill in Saguenéens zone.
11:46 of 3rd period - Icing by Kris Russell.
11:47 of 3rd period - Tyler Seguin wins face-off versus Kyle Brodziak in Saguenéens zone.
11:52 of 3rd period - Wrist shot by Magnus Paajarvi-Svensson.
11:52 of 3rd period - Shot Misses the Net.
11:54 of 3rd period - Slapshot by Magnus Paajarvi-Svensson.
11:54 of 3rd period - Shot Misses the Net.
12:02 of 3rd period - Wrist shot by Chris Thorburn.
12:02 of 3rd period - Shot Blocked by Kris Russell.
12:12 of 3rd period - Kyle Brodziak is hit by Tomas Kundratek and loses puck.
12:35 of 3rd period - Snap shot by Tim Kennedy.
12:35 of 3rd period - Shot Misses the Net.
12:37 of 3rd period - Slapshot by Brandon Burlon.
12:37 of 3rd period - Shot Blocked by Tomas Kundratek.
12:39 of 3rd period - Snap shot by Tyler Pitlick.
12:39 of 3rd period - Shot Blocked by Eric Gelinas.
12:41 of 3rd period - Snap shot by Tyler Pitlick.
12:41 of 3rd period - Stopped by Jacob Markstrom with a rebound.
12:51 of 3rd period - Snap shot by Tim Kennedy.
12:51 of 3rd period - Shot Blocked by Eric Gelinas.
12:53 of 3rd period - Snap shot by Tyler Pitlick.
12:53 of 3rd period - Stopped by Jacob Markstrom without a rebound.
12:54 of 3rd period - Zack Hamill wins face-off versus Mathieu Perreault in Knights zone.
12:56 of 3rd period - Minor Penalty to Zack Hamill for Roughing.
12:57 of 3rd period - Mathieu Perreault wins face-off versus James Wright in Knights zone.
12:57 of 3rd period - Snap shot by David Laliberté.
12:57 of 3rd period - Shot Misses the Net.
13:01 of 3rd period - Wrist shot by David Laliberté.
13:01 of 3rd period - Stopped by Jacob Markstrom without a rebound.
13:02 of 3rd period - James Wright wins face-off versus Mathieu Perreault in Knights zone.
13:45 of 3rd period - Slapshot by Brett Lebda.
13:45 of 3rd period - Shot Misses the Net.
13:47 of 3rd period - Wrist shot by Brian Flynn.
13:47 of 3rd period - Shot Misses the Net.
14:34 of 3rd period - Slapshot by Karel Pilar.
14:34 of 3rd period - Shot Blocked by Magnus Paajarvi-Svensson.
14:36 of 3rd period - Snap shot by Mathieu Perreault.
14:36 of 3rd period - Shot Misses the Net.
14:38 of 3rd period - Slapshot by Cody Goloubef.
14:38 of 3rd period - Stopped by Jacob Markstrom with a rebound.
14:40 of 3rd period - Wrist shot by Mathieu Perreault.
14:40 of 3rd period - Stopped by Jacob Markstrom with a rebound.
14:42 of 3rd period - Snap shot by David Laliberté.
14:42 of 3rd period - Shot Misses the Net.
14:44 of 3rd period - Slapshot by Karel Pilar.
14:44 of 3rd period - Stopped by Jacob Markstrom without a rebound.
14:45 of 3rd period - James Wright wins face-off versus Kyle Brodziak in Knights zone.
14:56 of 3rd period - Penalty to Zack Hamill is over, Zack Hamill is back on ice.
15:00 of 3rd period - Nikita Nikitin is hit by Karel Pilar and loses puck.
15:13 of 3rd period - Snap shot by Alex Chiasson.
15:13 of 3rd period - Shot Misses the Net.
15:15 of 3rd period - Snap shot by Zbynek Michalek.
15:15 of 3rd period - Stopped by Harru Sateri with a rebound.
15:17 of 3rd period - Wrist shot by Zbynek Michalek.
15:17 of 3rd period - Stopped by Harru Sateri with a rebound.
15:19 of 3rd period - Snap shot by Alex Chiasson.
15:19 of 3rd period - Shot Misses the Net.
15:40 of 3rd period - Wrist shot by James Wright.
15:40 of 3rd period - Shot Blocked by Karel Pilar.
16:36 of 3rd period - Off-side.
16:37 of 3rd period - Tim Kennedy wins face-off versus Zack Hamill in neutral zone.
17:21 of 3rd period - Tim Kennedy is hit by Chris Thorburn and loses puck.
17:28 of 3rd period - Snap shot by Dalton Prout.
17:28 of 3rd period - Deflect By Kyle Brodziak.
17:28 of 3rd period - Shot Misses the Net.
17:28 of 3rd period - Puck is out of play.
17:29 of 3rd period - James Wright wins face-off versus Brian Flynn in Knights zone.
17:58 of 3rd period - Brendan Ranford is hit by Jason Zucker.
18:22 of 3rd period - Tomas Kundratek is hit by David Laliberté and loses puck.
18:46 of 3rd period - Wrist shot by Ronalds Kenins.
18:46 of 3rd period - Stopped by Harru Sateri with a rebound.
19:18 of 3rd period - Kyle Brodziak is hit by Tyler Seguin and loses puck.
19:47 of 3rd period - Chris Thorburn is hit by Brian Flynn and loses puck.
19:51 of 3rd period - Icing by Chris Thorburn.
19:52 of 3rd period - Brian Flynn wins face-off versus Zack Hamill in Knights zone.
19:53 of 3rd period - Slapshot by David Laliberté.
19:53 of 3rd period - Stopped by Jacob Markstrom without a rebound.
19:54 of 3rd period - Brian Flynn wins face-off versus James Wright in Knights zone.
Goals for this period are 1 for Saguenéens vs 2 for Knights.
Shots for this period are 10 for Saguenéens vs 15 for Knights.
Overtime #1
0:01 of 1st overtime period - Alex Chiasson wins face-off versus Kyle Brodziak in neutral zone.
0:07 of 1st overtime period - Minor Penalty to Kyle Brodziak for Roughing.
0:08 of 1st overtime period - Zack Hamill wins face-off versus Eric Tangradi in Saguenéens zone.
0:10 of 1st overtime period - Wrist shot by Zack Hamill.
0:10 of 1st overtime period - Deflect By Eric Tangradi.
0:10 of 1st overtime period - Stopped by Harru Sateri with a rebound.
0:12 of 1st overtime period - Snap shot by Zack Hamill.
0:12 of 1st overtime period - Stopped by Harru Sateri without a rebound.
0:13 of 1st overtime period - Alex Chiasson wins face-off versus Eric Tangradi in Saguenéens zone.
0:14 of 1st overtime period - Slapshot by Zack Hamill.
0:14 of 1st overtime period - Shot Misses the Net.
0:18 of 1st overtime period - Backhand shot by Zack Hamill.
0:18 of 1st overtime period - Stopped by Harru Sateri with a rebound.
0:20 of 1st overtime period - Wrist shot by Zbynek Michalek.
0:20 of 1st overtime period - Shot Misses the Net.
0:22 of 1st overtime period - Slapshot by Zbynek Michalek.
0:22 of 1st overtime period - Shot Blocked by Brett Lebda.
0:39 of 1st overtime period - Snap shot by Eric Tangradi.
0:39 of 1st overtime period - Shot Misses the Net.
0:41 of 1st overtime period - Snap shot by Kris Russell.
0:41 of 1st overtime period - Shot Misses the Net.
0:43 of 1st overtime period - Snap shot by Juraj Mikus.
0:43 of 1st overtime period - Shot Blocked by Tomas Kundratek.
0:45 of 1st overtime period - Wrist shot by Juraj Mikus.
0:45 of 1st overtime period - Stopped by Jacob Markstrom without a rebound.
0:46 of 1st overtime period - Zack Hamill wins face-off versus Juraj Mikus in Knights zone.
2:07 of 1st overtime period - Penalty to Kyle Brodziak is over, Kyle Brodziak is back on ice.
2:47 of 1st overtime period - Wrist shot by Kyle Brodziak.
2:47 of 1st overtime period - Stopped by Jacob Markstrom without a rebound.
2:48 of 1st overtime period - Zack Hamill wins face-off versus Kyle Brodziak in Knights zone.
3:13 of 1st overtime period - Alex Chiasson is hit by Brett Lebda and loses puck.
3:38 of 1st overtime period - Tomas Kundratek is hit by Eric Tangradi and loses puck.
4:41 of 1st overtime period - Tim Kennedy is hit by Jason Chimera and loses puck.
Goals for this period are 0 for Saguenéens vs 0 for Knights.
Shots for this period are 2 for Saguenéens vs 3 for Knights.
ShootOut
5:00 of 1st overtime period - Penalty Shot by Kyle Brodziak for Saguenéens.
5:00 of 1st overtime period - Wrist shot by Kyle Brodziak.
5:00 of 1st overtime period - Stopped by Jacob Markstrom.
5:00 of 1st overtime period - Penalty Shot by Joe Colborne for Knights.
5:00 of 1st overtime period - Snap shot by Joe Colborne.
5:00 of 1st overtime period - Shot Misses the Net.
5:00 of 1st overtime period - Penalty Shot by Karel Pilar for Saguenéens.
5:00 of 1st overtime period - Deke by Karel Pilar.
5:00 of 1st overtime period - Stopped by Jacob Markstrom.
5:00 of 1st overtime period - Penalty Shot by Tyler Seguin for Knights.
5:00 of 1st overtime period - Snap shot by Tyler Seguin.
5:00 of 1st overtime period - Stopped by Harru Sateri.
5:00 of 1st overtime period - Penalty Shot by David Laliberté for Saguenéens.
5:00 of 1st overtime period - Deke by David Laliberté.
5:00 of 1st overtime period - Stopped by Jacob Markstrom.
5:00 of 1st overtime period - Penalty Shot by Jason Chimera for Knights.
5:00 of 1st overtime period - Deke by Jason Chimera.
5:00 of 1st overtime period - Stopped by Harru Sateri.
5:00 of 1st overtime period - Penalty Shot by Brian Flynn for Saguenéens.
5:00 of 1st overtime period - Deke by Brian Flynn.
5:00 of 1st overtime period - Shot Misses the Net.
5:00 of 1st overtime period - Penalty Shot by James Wright for Knights.
5:00 of 1st overtime period - Deke by James Wright.
5:00 of 1st overtime period - Goal by James Wright.
Back to the Top